[ AOE2 MATCH · #472522545 ]
UnrankedSicilians vs Khmer
[ REPLAY ANALYSIS · EXTRACTED FROM THE RECORDED GAME ]
Feudal
—
Castle
11:52
Imperial
—
| APM avg | 23.5 |
| APM peak | 41 |
| eAPM avg | 17.5 |
| Villagers / military | 53 / 159 |
Focus
⚔️ 44.9% · 🌾 55.1%
Serjeant ×142 · Spearman ×7 · Knight ×5 · Battering Ram ×4 · Scout Cavalry ×1
Feudal
—
Castle
17:09
Imperial
—
| APM avg | 25.7 |
| APM peak | 49 |
| eAPM avg | 16.3 |
| Villagers / military | 45 / 66 |
Focus
⚔️ 29.4% · 🌾 70.6%
Knight ×26 · Scout Cavalry ×20 · Scorpion ×14 · Spearman ×6
Feudal
—
Castle
11:10
Imperial
—
| APM avg | 43.2 |
| APM peak | 67 |
| eAPM avg | 23.2 |
| Villagers / military | 59 / 207 |
Focus
⚔️ 48.9% · 🌾 51.1%
Archer ×99 · Skirmisher ×58 · Knight ×18 · Spearman ×13 · Camel Scout ×9 · Mangonel ×6
Feudal
—
Castle
13:55
Imperial
—
| APM avg | 60.1 |
| APM peak | 102 |
| eAPM avg | 33.7 |
| Villagers / military | 119 / 135 |
Focus
⚔️ 37.2% · 🌾 62.8%
Skirmisher ×72 · Scout Cavalry ×22 · Shrivamsha Rider ×12 · Camel Scout ×9 · Chakram Thrower ×8 · Archer ×7
Match map
Initial resources + every placement click. Lines = walls · curves = elevation contours. ◆ gold · ⬟ stone · ● berries · ✦ relic · ◌ wall gap
Your base· ✓ Closed at 11:52 · 3t walls · 4 gate(s)
东方神秘力量's base· Open — unwalled flank
Waylander's base· Open — unwalled flank
Hun FaT_Jaguar's base· ✓ Closed at 13:55 · 18t walls · 1 gate(s)
Smoothed initial terrain · ◌ = detected wall gap · hover for details
Inputs per minute
— marijndestoyer - - 东方神秘力量
Build order — marijndestoyer
First 150 of 276 actions detected
| 0:03 | Create | Villager (Male) |
| 0:03 | Create | Villager (Male) |
| 0:18 | Create | Villager (Male) |
| 0:26 | Build | Mill |
| 1:04 | Build | House |
| 1:06 | Build | House |
| 1:07 | Build | House |
| 1:09 | Build | Palisade Gate |
| 1:19 | Build | Donjon |
| 1:25 | Create | Villager (Male) |
| 1:30 | Build | Mining Camp |
| 1:35 | Research | Fletching |
| 1:37 | Research | Scale Mail Armor |
| 1:43 | Build | House |
| 1:45 | Build | House |
| 2:05 | Create | Villager (Male) |
| 2:06 | Create | Villager (Male) |
| 2:25 | Build | Lumber Camp |
| 2:33 | Create | Serjeant |
| 2:33 | Create | Serjeant |
| 2:35 | Create | Serjeant |
| 2:43 | Create | Serjeant |
| 2:53 | Create | Villager (Male) |
| 3:34 | Create | Serjeant |
| 3:57 | Research | Forging |
| 4:01 | Create | Serjeant |
| 4:01 | Create | Serjeant |
| 4:38 | Create | Serjeant |
| 4:48 | Build | Farm |
| 4:49 | Build | Farm |
| 5:03 | Create | Villager (Male) |
| 5:07 | Build | Farm |
| 5:14 | Build | Farm |
| 5:23 | Build | Donjon |
| 5:42 | Build | Farm |
| 5:47 | Build | Donjon |
| 5:49 | Create | Villager (Male) |
| 5:50 | Create | Villager (Male) |
| 6:12 | Build | Stable |
| 6:17 | Build | House |
| 6:18 | Build | House |
| 6:20 | Build | Palisade Gate |
| 6:21 | Build | House |
| 6:27 | Build | House |
| 6:28 | Build | House |
| 6:30 | Build | Palisade Gate |
| 6:36 | Build | House |
| 6:42 | Create | Villager (Male) |
| 6:43 | Create | Villager (Male) |
| 6:46 | Build | Farm |
| 6:48 | Build | Farm |
| 7:11 | Create | Villager (Male) |
| 7:11 | Create | Villager (Male) |
| 7:12 | Create | Villager (Male) |
| 7:41 | Create | Villager (Male) |
| 7:56 | Build | House |
| 7:59 | Build | House |
| 8:01 | Build | House |
| 8:30 | Build | House |
| 8:32 | Build | Palisade Gate |
| 8:34 | Build | Palisade Wall |
| 8:36 | Build | Palisade Wall |
| 8:39 | Build | Palisade Wall |
| 8:41 | Create | Villager (Male) |
| 8:50 | Research | Castle Age |
| 8:55 | Build | Farm |
| 9:19 | Research | Stone Mining |
| 9:42 | Build | Farm |
| 9:45 | Build | Farm |
| 9:47 | Research | Double-Bit Axe |
| 10:15 | Create | Scout Cavalry |
| 10:53 | Create | Spearman |
| 10:54 | Create | Spearman |
| 10:54 | Create | Spearman |
| 11:20 | Create | Spearman |
| 11:21 | Create | Spearman |
| 11:21 | Create | Spearman |
| 11:33 | Create | Spearman |
| 11:52 | Age | Castle Age |
| 11:56 | Create | Knight |
| 12:14 | Build | Town Center |
| 12:22 | Build | Town Center |
| 12:32 | Create | Villager (Male) |
| 12:46 | Create | Knight |
| 12:47 | Create | Knight |
| 12:48 | Create | Knight |
| 12:58 | Build | Farm |
| 12:59 | Build | Farm |
| 13:02 | Build | Farm |
| 13:03 | Build | Farm |
| 13:06 | Research | Horse Collar |
| 13:24 | Build | University |
| 13:43 | Create | Knight |
| 13:51 | Create | Serjeant |
| 14:02 | Create | Villager (Male) |
| 14:04 | Create | Villager (Male) |
| 14:11 | Create | Serjeant |
| 14:41 | Create | Villager (Male) |
| 14:42 | Create | Villager (Male) |
| 14:46 | Build | Farm |
| 14:49 | Build | Farm |
| 15:12 | Build | Farm |
| 15:17 | Research | Pikeman (upgrade) |
| 15:28 | Build | Donjon |
| 15:38 | Create | Villager (Male) |
| 15:39 | Create | Villager (Male) |
| 15:40 | Create | Villager (Male) |
| 16:01 | Create | Villager (Male) |
| 16:02 | Create | Villager (Male) |
| 16:10 | Build | Farm |
| 16:13 | Build | Farm |
| 16:18 | Build | Farm |
| 16:19 | Build | Farm |
| 16:20 | Build | Farm |
| 16:21 | Build | Farm |
| 16:39 | Create | Serjeant |
| 16:47 | Build | Farm |
| 16:50 | Build | Farm |
| 16:51 | Create | Villager (Male) |
| 16:58 | Create | Villager (Male) |
| 16:58 | Create | Villager (Male) |
| 17:01 | Create | Villager (Male) |
| 17:01 | Create | Villager (Male) |
| 17:04 | Create | Villager (Male) |
| 17:24 | Create | Serjeant |
| 17:24 | Create | Serjeant |
| 17:25 | Create | Serjeant |
| 17:39 | Create | Serjeant |
| 18:01 | Research | Wheelbarrow |
| 18:02 | Create | Villager (Male) |
| 18:17 | Create | Serjeant |
| 18:18 | Create | Serjeant |
| 18:59 | Create | Serjeant |
| 18:59 | Create | Serjeant |
| 19:03 | Research | Chain Mail Armor |
| 19:05 | Create | Villager (Male) |
| 19:09 | Build | Farm |
| 19:09 | Build | Farm |
| 19:19 | Create | Serjeant |
| 19:40 | Create | Serjeant |
| 19:40 | Create | Serjeant |
| 19:45 | Build | Donjon |
| 19:55 | Build | Donjon |
| 20:00 | Research | Masonry |
| 20:01 | Research | Ballistics |
| 20:06 | Research | Bodkin Arrow |
| 20:07 | Create | Villager (Male) |
| 20:33 | Create | Serjeant |
| 20:33 | Create | Serjeant |
| 20:34 | Create | Serjeant |
Build order — 东方神秘力量
139 actions detected in the replay
| 0:07 | Create | Villager (Male) |
| 0:08 | Create | Villager (Male) |
| 0:09 | Create | Villager (Male) |
| 0:09 | Create | Villager (Male) |
| 0:40 | Build | House |
| 0:45 | Build | Stable |
| 1:00 | Build | Farm |
| 1:12 | Research | Forging |
| 1:20 | Build | House |
| 1:22 | Create | Spearman |
| 1:30 | Create | Scout Cavalry |
| 1:31 | Create | Scout Cavalry |
| 1:40 | Build | Stable |
| 1:53 | Build | Farm |
| 1:54 | Create | Villager (Male) |
| 1:55 | Create | Villager (Male) |
| 1:55 | Create | Villager (Male) |
| 2:14 | Create | Scout Cavalry |
| 2:25 | Build | House |
| 2:29 | Build | Mill |
| 3:25 | Build | Watch Tower |
| 3:36 | Create | Scout Cavalry ×4 |
| 3:36 | Create | Scout Cavalry ×4 |
| 4:01 | Create | Scout Cavalry |
| 4:02 | Create | Scout Cavalry |
| 4:49 | Build | Mill |
| 5:59 | Create | Villager (Male) |
| 5:59 | Create | Villager (Male) |
| 6:00 | Create | Villager (Male) |
| 6:29 | Create | Scout Cavalry ×2 |
| 6:29 | Create | Scout Cavalry ×2 |
| 6:40 | Create | Villager (Male) |
| 6:41 | Create | Villager (Male) |
| 7:22 | Research | Bloodlines |
| 7:42 | Create | Scout Cavalry |
| 7:42 | Create | Scout Cavalry |
| 8:00 | Build | Farm |
| 8:01 | Build | Farm |
| 8:03 | Build | Farm |
| 8:07 | Create | Scout Cavalry |
| 8:49 | Create | Villager (Male) |
| 8:50 | Create | Villager (Male) |
| 8:50 | Create | Villager (Male) |
| 8:50 | Create | Villager (Male) |
| 9:24 | Create | Villager (Male) |
| 9:25 | Create | Villager (Male) |
| 9:44 | Research | Fletching |
| 9:49 | Create | Villager (Male) |
| 9:57 | Build | Farm |
| 10:33 | Create | Villager (Male) |
| 10:33 | Create | Villager (Male) |
| 10:34 | Create | Villager (Male) |
| 10:59 | Research | Scale Barding Armor |
| 11:45 | Build | Farm |
| 11:46 | Build | Farm |
| 11:47 | Build | Farm |
| 11:48 | Build | Farm |
| 11:49 | Build | Farm |
| 11:50 | Build | Farm |
| 11:52 | Build | Farm |
| 12:14 | Create | Villager (Male) |
| 12:14 | Create | Villager (Male) |
| 12:21 | Research | Horse Collar |
| 12:24 | Research | Double-Bit Axe |
| 12:44 | Build | Farm |
| 13:03 | Build | Farm |
| 13:22 | Create | Villager (Male) |
| 13:32 | Build | House |
| 13:33 | Build | House |
| 13:34 | Build | House |
| 13:35 | Build | House |
| 14:08 | Build | Stable |
| 14:13 | Build | Palisade Wall |
| 14:29 | Research | Castle Age |
| 14:37 | Research | Gold Mining |
| 14:38 | Research | Stone Mining |
| 14:38 | Research | Stone Mining |
| 14:45 | Build | Mining Camp |
| 15:25 | Build | Palisade Wall |
| 15:30 | Build | Palisade Gate |
| 16:03 | Create | Spearman |
| 16:03 | Create | Spearman |
| 16:03 | Create | Spearman |
| 16:04 | Create | Spearman |
| 16:04 | Create | Spearman |
| 16:08 | Research | Scale Mail Armor |
| 16:40 | Build | Barracks |
| 17:09 | Age | Castle Age |
| 17:21 | Research | Light Cavalry (upgrade) |
| 17:21 | Research | Husbandry |
| 17:21 | Research | Husbandry |
| 17:27 | Create | Knight ×5 |
| 17:27 | Create | Knight ×5 |
| 17:28 | Create | Knight |
| 17:40 | Build | Town Center |
| 17:59 | Build | Siege Workshop |
| 18:03 | Create | Villager (Male) |
| 18:04 | Create | Villager (Male) |
| 18:04 | Create | Villager (Male) |
| 18:13 | Create | Villager (Male) |
| 18:14 | Create | Villager (Male) |
| 18:40 | Research | Light Cavalry (upgrade) |
| 18:40 | Research | Light Cavalry (upgrade) |
| 19:07 | Build | Town Center |
| 19:34 | Build | Stable |
| 19:41 | Create | Scorpion |
| 19:41 | Create | Scorpion |
| 19:47 | Build | Siege Workshop |
| 20:52 | Create | Knight ×5 |
| 20:52 | Create | Knight ×5 |
| 20:53 | Create | Knight ×5 |
| 21:07 | Build | Market |
| 21:58 | Create | Scorpion ×5 |
| 21:58 | Create | Scorpion ×5 |
| 21:58 | Create | Scorpion ×2 |
| 25:46 | Build | Castle |
| 26:22 | Research | Bodkin Arrow |
| 26:22 | Research | Bodkin Arrow |
| 27:42 | Build | Town Center |
| 28:10 | Build | Town Center |
| 29:16 | Create | Villager (Male) |
| 29:17 | Create | Villager (Male) |
| 29:17 | Create | Villager (Male) |
| 29:17 | Create | Villager (Male) |
| 29:47 | Research | Heavy Plow |
| 29:48 | Research | Heavy Plow |
| 30:04 | Create | Villager (Male) |
| 30:04 | Create | Villager (Male) |
| 30:07 | Create | Villager (Male) |
| 30:14 | Build | Farm |
| 30:54 | Create | Villager (Male) |
| 30:55 | Create | Villager (Male) |
| 30:55 | Create | Villager (Male) |
| 31:01 | Create | Villager (Male) |
| 31:01 | Create | Villager (Male) |
| 31:13 | Create | Villager (Male) |
| 31:14 | Create | Villager (Male) |
| 31:21 | Create | Villager (Male) |
| 31:37 | Build | Farm |
Build order — Waylander
First 150 of 275 actions detected
| 0:04 | Create | Villager (Male) |
| 0:04 | Create | Villager (Male) |
| 0:05 | Create | Villager (Male) |
| 0:05 | Create | Villager (Male) |
| 0:05 | Create | Villager (Male) |
| 0:15 | Build | Archery Range |
| 0:20 | Build | House |
| 1:13 | Create | Archer |
| 1:13 | Create | Archer |
| 1:13 | Create | Archer |
| 1:18 | Build | Archery Range |
| 1:34 | Build | Palisade Wall |
| 2:03 | Research | Fletching |
| 2:04 | Research | Fletching |
| 2:06 | Create | Archer |
| 2:07 | Create | Archer |
| 2:07 | Create | Archer |
| 2:11 | Create | Spearman |
| 2:11 | Create | Spearman |
| 2:11 | Create | Spearman |
| 2:11 | Create | Spearman |
| 2:11 | Create | Spearman |
| 2:17 | Create | Villager (Male) |
| 2:17 | Create | Villager (Male) |
| 2:17 | Create | Villager (Male) |
| 2:18 | Create | Villager (Male) |
| 2:45 | Build | House |
| 2:46 | Build | House |
| 2:47 | Build | House |
| 2:59 | Build | House |
| 3:01 | Build | House |
| 3:03 | Build | House |
| 3:30 | Create | Archer |
| 3:30 | Create | Archer ×5 |
| 3:30 | Create | Archer ×5 |
| 3:37 | Create | Spearman |
| 3:37 | Create | Spearman |
| 3:49 | Research | Padded Archer Armor |
| 3:50 | Research | Padded Archer Armor |
| 3:50 | Research | Padded Archer Armor |
| 3:54 | Create | Villager (Male) |
| 3:55 | Create | Villager (Male) |
| 3:55 | Create | Villager (Male) |
| 3:55 | Create | Villager (Male) |
| 3:56 | Create | Villager (Male) |
| 4:34 | Create | Skirmisher |
| 4:35 | Create | Skirmisher |
| 4:35 | Create | Skirmisher |
| 5:23 | Create | Archer ×5 |
| 5:24 | Create | Archer ×5 |
| 6:46 | Create | Skirmisher |
| 6:47 | Create | Archer |
| 6:47 | Create | Archer |
| 7:13 | Create | Villager (Male) |
| 7:52 | Create | Spearman |
| 7:52 | Create | Spearman |
| 8:05 | Build | Watch Tower |
| 8:30 | Research | Castle Age |
| 8:30 | Research | Castle Age |
| 8:37 | Create | Archer |
| 8:37 | Create | Archer |
| 8:37 | Create | Archer |
| 8:37 | Create | Archer |
| 8:51 | Create | Archer |
| 8:51 | Create | Archer |
| 9:04 | Build | Mill |
| 9:11 | Build | Lumber Camp |
| 9:28 | Research | Gold Mining |
| 9:50 | Create | Skirmisher |
| 9:51 | Create | Skirmisher |
| 9:51 | Create | Skirmisher |
| 9:54 | Create | Skirmisher |
| 9:54 | Create | Skirmisher |
| 10:06 | Build | Archery Range |
| 10:25 | Build | House |
| 11:02 | Create | Villager (Male) |
| 11:02 | Create | Villager (Male) |
| 11:03 | Create | Villager (Male) |
| 11:03 | Create | Villager (Male) |
| 11:10 | Age | Castle Age |
| 11:13 | Research | Double-Bit Axe |
| 11:31 | Research | Crossbowman (upgrade) |
| 12:18 | Create | Archer |
| 12:19 | Create | Archer |
| 12:26 | Research | Bodkin Arrow |
| 12:32 | Build | University |
| 12:36 | Build | Siege Workshop |
| 12:44 | Create | Archer |
| 12:44 | Create | Archer |
| 12:44 | Create | Archer |
| 12:45 | Create | Skirmisher |
| 13:10 | Research | Ballistics |
| 13:10 | Research | Ballistics |
| 13:33 | Create | Archer |
| 13:33 | Create | Archer |
| 13:33 | Create | Archer |
| 13:34 | Create | Archer |
| 13:34 | Create | Archer |
| 13:48 | Build | Mill |
| 13:56 | Create | Villager (Male) |
| 13:56 | Create | Villager (Male) |
| 13:57 | Create | Villager (Male) |
| 13:57 | Create | Villager (Male) |
| 13:57 | Create | Villager (Male) |
| 13:57 | Create | Villager (Male) |
| 14:01 | Create | Archer |
| 14:01 | Create | Archer |
| 14:01 | Create | Archer |
| 14:01 | Create | Archer |
| 14:06 | Create | Spearman |
| 14:06 | Create | Spearman |
| 14:06 | Create | Spearman |
| 14:07 | Create | Spearman |
| 14:22 | Create | Archer |
| 14:22 | Create | Archer |
| 14:23 | Create | Archer |
| 14:49 | Create | Villager (Male) |
| 14:49 | Create | Villager (Male) |
| 14:50 | Create | Villager (Male) |
| 14:50 | Create | Villager (Male) |
| 15:21 | Create | Archer ×3 |
| 15:21 | Create | Archer ×3 |
| 15:32 | Research | Thumb Ring |
| 15:32 | Research | Thumb Ring |
| 16:02 | Create | Mangonel |
| 16:03 | Create | Mangonel |
| 16:17 | Build | Stable |
| 16:21 | Build | Stable |
| 16:31 | Research | Forging |
| 16:34 | Research | Scale Barding Armor |
| 16:49 | Create | Mangonel |
| 16:50 | Create | Mangonel |
| 16:57 | Build | House |
| 16:57 | Build | House |
| 16:57 | Build | House |
| 16:58 | Build | House |
| 16:58 | Build | House |
| 16:58 | Build | House |
| 16:58 | Build | House |
| 16:59 | Build | House |
| 17:08 | Create | Villager (Male) |
| 17:08 | Create | Villager (Male) |
| 17:08 | Create | Villager (Male) |
| 17:27 | Research | Light Cavalry (upgrade) |
| 17:27 | Research | Light Cavalry (upgrade) |
| 17:31 | Create | Knight |
| 17:31 | Create | Knight |
| 18:36 | Create | Knight |
| 18:36 | Create | Knight |
| 18:37 | Create | Knight |
Build order — Hun FaT_Jaguar
First 150 of 338 actions detected
| 0:02 | Create | Villager (Male) |
| 0:02 | Create | Villager (Male) |
| 0:17 | Build | House |
| 0:28 | Build | House |
| 0:29 | Create | Villager (Male) |
| 0:30 | Create | Villager (Male) |
| 0:41 | Build | Palisade Gate |
| 0:43 | Build | Palisade Wall |
| 0:47 | Create | Villager (Male) |
| 0:47 | Create | Villager (Male) |
| 0:50 | Create | Villager (Male) |
| 0:50 | Create | Villager (Male) |
| 0:59 | Build | Archery Range |
| 1:21 | Build | Palisade Wall |
| 1:23 | Build | Mill |
| 1:27 | Create | Villager (Male) |
| 1:38 | Build | Archery Range |
| 1:44 | Create | Villager (Male) |
| 1:49 | Create | Archer |
| 1:49 | Create | Archer |
| 2:15 | Build | House |
| 2:47 | Build | Palisade Gate |
| 2:51 | Create | Skirmisher |
| 2:54 | Create | Villager (Male) |
| 2:59 | Build | Mill |
| 3:03 | Build | Mill |
| 3:06 | Build | House |
| 3:08 | Build | Palisade Wall |
| 3:14 | Create | Villager (Male) |
| 3:34 | Create | Skirmisher |
| 3:34 | Create | Skirmisher |
| 3:40 | Create | Archer |
| 3:40 | Create | Archer |
| 3:43 | Create | Archer |
| 3:49 | Build | Palisade Wall |
| 4:01 | Create | Skirmisher |
| 4:01 | Create | Archer |
| 4:05 | Research | Fletching |
| 4:09 | Build | House |
| 4:16 | Build | Palisade Wall |
| 4:20 | Build | House |
| 4:24 | Build | Palisade Wall |
| 4:28 | Build | House |
| 4:55 | Build | House |
| 5:04 | Create | Skirmisher |
| 5:19 | Build | House |
| 5:24 | Create | Villager (Male) |
| 5:37 | Create | Skirmisher |
| 5:47 | Research | Padded Archer Armor |
| 5:55 | Create | Skirmisher |
| 5:55 | Create | Skirmisher |
| 6:11 | Create | Skirmisher |
| 6:11 | Create | Skirmisher |
| 6:11 | Create | Skirmisher |
| 6:23 | Create | Skirmisher |
| 6:23 | Create | Skirmisher |
| 6:24 | Create | Villager (Male) |
| 6:24 | Create | Villager (Male) |
| 6:26 | Build | Farm |
| 6:27 | Create | Villager (Male) |
| 6:27 | Create | Villager (Male) |
| 6:36 | Create | Villager (Male) |
| 6:37 | Create | Villager (Male) |
| 6:39 | Build | Farm |
| 6:57 | Build | Farm |
| 6:58 | Create | Villager (Male) |
| 7:04 | Build | Palisade Wall |
| 7:13 | Create | Skirmisher |
| 7:13 | Create | Villager (Male) |
| 7:19 | Build | Farm |
| 7:20 | Build | Farm |
| 7:20 | Build | Farm |
| 7:20 | Build | Farm |
| 7:20 | Build | Farm |
| 7:41 | Build | Farm |
| 9:00 | Create | Archer |
| 9:03 | Build | Farm |
| 9:04 | Build | Farm |
| 9:04 | Build | Farm |
| 9:04 | Build | Farm |
| 9:08 | Build | Farm |
| 9:19 | Create | Skirmisher |
| 9:25 | Build | Stable |
| 9:29 | Create | Villager (Male) |
| 9:32 | Build | Mining Camp |
| 9:39 | Create | Skirmisher |
| 9:39 | Create | Skirmisher |
| 9:41 | Create | Skirmisher |
| 9:49 | Create | Spearman |
| 9:51 | Build | Farm |
| 9:53 | Build | Farm |
| 10:20 | Build | Farm |
| 10:21 | Create | Villager (Male) |
| 10:22 | Create | Villager (Male) |
| 11:06 | Build | House |
| 11:11 | Build | House |
| 11:15 | Research | Castle Age |
| 11:19 | Build | Farm |
| 11:28 | Build | Stable |
| 11:31 | Build | Stable |
| 12:00 | Create | Skirmisher |
| 12:00 | Create | Skirmisher |
| 12:23 | Create | Skirmisher |
| 12:23 | Create | Skirmisher |
| 12:36 | Research | Bloodlines |
| 12:43 | Create | Villager (Male) |
| 12:44 | Create | Villager (Male) |
| 13:10 | Build | Farm |
| 13:29 | Create | Skirmisher |
| 13:30 | Create | Skirmisher |
| 13:30 | Create | Skirmisher |
| 13:35 | Create | Scout Cavalry |
| 13:36 | Create | Scout Cavalry |
| 13:37 | Create | Scout Cavalry |
| 13:55 | Age | Castle Age |
| 13:56 | Research | Elite Skirmisher (upgrade) |
| 13:59 | Research | Bodkin Arrow |
| 14:02 | Build | Town Center |
| 14:06 | Research | Double-Bit Axe |
| 14:22 | Build | Town Center |
| 14:24 | Create | Villager (Male) ×5 |
| 14:24 | Create | Villager (Male) ×5 |
| 14:37 | Build | House |
| 14:38 | Create | Skirmisher |
| 14:38 | Create | Skirmisher |
| 14:43 | Create | Villager (Male) |
| 14:46 | Create | Villager (Male) |
| 14:50 | Build | House |
| 14:54 | Build | House |
| 14:55 | Build | House |
| 14:56 | Build | House |
| 15:07 | Create | Skirmisher |
| 15:12 | Create | Villager (Male) |
| 15:18 | Build | University |
| 15:28 | Create | Skirmisher |
| 15:29 | Create | Skirmisher |
| 15:29 | Create | Skirmisher |
| 15:35 | Create | Skirmisher |
| 15:39 | Research | Light Cavalry (upgrade) |
| 15:39 | Research | Light Cavalry (upgrade) |
| 15:42 | Create | Villager (Male) |
| 15:43 | Build | Farm |
| 15:44 | Build | Farm |
| 15:45 | Create | Villager (Male) |
| 15:48 | Build | Farm |
| 15:50 | Build | Farm |
| 15:50 | Create | Villager (Male) |
| 15:50 | Create | Villager (Male) |
| 16:22 | Create | Villager (Male) |
| 16:23 | Create | Villager (Male) |
Match timeline
| 0:15 | Waylander · first_building Archery Range |
| 0:43 | Hun FaT_Jaguar · wall_segment Palisade Wall x1 |
| 0:45 | 东方神秘力量 · first_building Stable |
| 0:59 | Hun FaT_Jaguar · first_building Archery Range |
| 1:19 | marijndestoyer · first_building Donjon |
| 1:21 | Hun FaT_Jaguar · wall_segment Palisade Wall x1 |
| 1:34 | Waylander · wall_segment Palisade Wall x16 |
| 3:08 | Hun FaT_Jaguar · wall_segment Palisade Wall x1 |
| 3:49 | Hun FaT_Jaguar · wall_segment Palisade Wall x6 |
| 4:16 | Hun FaT_Jaguar · wall_segment Palisade Wall x1 |
| 4:24 | Hun FaT_Jaguar · wall_segment Palisade Wall x7 |
| 6:12 | marijndestoyer · first_building Stable |
| 7:04 | Hun FaT_Jaguar · wall_segment Palisade Wall x1 |
| 8:34 | marijndestoyer · wall_segment Palisade Wall x1 |
| 8:36 | marijndestoyer · wall_segment Palisade Wall x1 |
| 8:39 | marijndestoyer · wall_segment Palisade Wall x1 |
| 9:25 | Hun FaT_Jaguar · first_building Stable |
| 11:10 | Waylander · age_up castle |
| 11:52 | marijndestoyer · age_up castle |
| 12:36 | Waylander · first_building Siege Workshop |
| 13:55 | Hun FaT_Jaguar · age_up castle |
| 14:13 | 东方神秘力量 · wall_segment Palisade Wall x7 |
| 15:25 | 东方神秘力量 · wall_segment Palisade Wall x25 |
| 16:17 | Waylander · first_building Stable |
| 16:40 | 东方神秘力量 · first_building Barracks |
| 17:09 | 东方神秘力量 · age_up castle |
| 17:59 | 东方神秘力量 · first_building Siege Workshop |
| 18:53 | Hun FaT_Jaguar · first_building Siege Workshop |
| 23:26 | Hun FaT_Jaguar · first_building Castle |
| 23:59 | 东方神秘力量 · first_market_sell 100 food |
| 24:01 | 东方神秘力量 · first_market_buy 100 stone |
| 25:46 | 东方神秘力量 · first_building Castle |
| 26:47 | marijndestoyer · first_building Siege Workshop |
| 28:45 | 东方神秘力量 · tribute_sent a jugador 2 |
| 28:45 | 东方神秘力量 · tribute_sent a jugador 3 |
| 28:45 | 东方神秘力量 · tribute_sent a jugador 4 |
| 29:22 | marijndestoyer · first_building Castle |
| 31:49 | Hun FaT_Jaguar · wall_segment Stone Wall x1 |
| 32:08 | Hun FaT_Jaguar · resign |
[ AI ANALYSIS · 1 CREDIT ]
What really happened in this match?
Wolo.gg analyzes every decision: build order, eco, micro, common mistakes by bracket. Personalized analysis on WhatsApp or Discord in 30 seconds.
Civ guide
Sicilians
Perfil
Jugador #229529